 Dungeon Crawl Stone Soup version 0.30-a0-331-g8ab09dc110 (webtiles) character file.

Game seed: 14162864840308073594

500 p00ps00p the Chopper (level 7, -5/66 HPs)
             Began as a Hill Orc Fighter on Oct 30, 2022.
             Slain by a gnoll
             ... wielding a +0 halberd
             ... led by a gnoll bouda
              (6 damage)
             ... on level 5 of the Dungeon.
             The game lasted 00:10:12 (3964 turns).

p00ps00p the Chopper (Hill Orc Fighter)             Turns: 3964, Time: 00:10:13

Health: -5/66      AC:  6    Str: 19    XL:     7   Next: 16%
Magic:  7/7        EV:  9    Int:  8    God:
Gold:   213        SH:  4    Dex: 12    Spells: 6/6 levels left

rFire   . . .      SeeInvis +    a - +0 war axe
rCold   . . .      Faith    .    c - +0 buckler
rNeg    . . .      Spirit   .    b - +0 scale mail
rPois   .          Reflect  .    (no helmet)
rElec   .          Harm     .    (no cloak)
rCorr   .          Rampage  .    (no gloves)
Will    .....                    (no boots)
Stlth   ..........               (no amulet)
HPRegen 0.31/turn                o - ring of see invisible
MPRegen 0.10/turn                (no ring)

@: no status effects
A: no striking features
a: no special abilities


You were on level 5 of the Dungeon.
You visited 2 branches of the dungeon, and saw 6 of its levels.

You collected 213 gold pieces.

Inventory:

Hand Weapons
 a - a +0 war axe (weapon)
Missiles
 u - 3 poisoned darts (quivered)
Armour
 b - a +0 scale mail (worn)
 c - a +0 buckler (worn)
Jewellery
 o - a ring of see invisible (left hand)
Wands
 n - a wand of charming (16)
Scrolls
 d - 2 scrolls of teleportation {unknown}
 e - a scroll of noise {unknown}
 f - 6 scrolls of fog {unknown}
 g - a scroll of fear {unknown}
 j - 2 scrolls of enchant armour {unknown}
 l - a scroll of blinking {unknown}
 m - a scroll of brand weapon {unknown}
 q - 3 scrolls of identify {unknown}
 v - a scroll of amnesia {unknown}
Potions
 h - a potion of degeneration {unknown}
 i - 3 potions of curing {unknown}
 k - a potion of heal wounds {unknown}
 p - a potion of brilliance {unknown}
 r - 5 potions of mutation {unknown}
 s - a potion of magic {unknown}
 t - a potion of haste {unknown}


   Skills:
 + Level 7.1 Fighting
 + Level 7.2 Axes
 - Level 3.3 Armour
 - Level 3.3 Shields


You had 6 spell levels left.
You didn't know any spells.
Your spell library contained the following spells:

 Spells                   Type           Power      Damage    Failure   Level
 Passage of Golubria      Tloc           0%         N/A       100%        4
 Silence                  Hex/Air        0%         N/A       100%        5
 Lehudib's Crystal Spear  Conj/Erth      0%         10d2      100%        8


Dungeon Overview and Level Annotations

Branches:
Dungeon (5/15)             Temple (1/1) D:5

Altars:
Ashenzari
Kikubaaqudgha
Okawaru
Ru
Sif Muna
Uskayaw
Xom
Yredelemnul
Zin
The Shining One

Annotations:
D:3 1 runed translucent door, oldriver's ghost, amateur HuHW


Message History

The gnoll bouda gazes fiercely through you!
You feel as though you will be weak longer.
You slash the gnoll!
The gnoll is severely wounded.
You block the gnoll's attack. x2; The gnoll misses you.
You completely miss the gnoll.
The gnoll is severely wounded.
You hit the gnoll. The gnoll barely misses you.
The gnoll hits you but does no damage. x2
You barely miss the gnoll.
The gnoll is severely wounded.
You hit the gnoll.
The gnoll is no longer moving quickly.
The gnoll barely misses you. x2; The gnoll closely misses you.
You slash the gnoll!
You kill the gnoll!
You hit the gnoll.
The gnoll is no longer moving quickly.
The centaur wields a +0 shortbow.
The centaur shoots an arrow.
The arrow hits you. The gnoll completely misses you.
The gnoll closely misses you.
The centaur shoots an arrow.
The arrow hits you. The gnoll closely misses you.
You hit the gnoll.
You kill the gnoll!
The centaur shoots an arrow.
The arrow closely misses you.
The gnoll bouda barks out a call to the hunt!
The gnoll picks up the pace!
The centaur shoots an arrow.
The arrow hits you.
The centaur shoots an arrow.
The arrow hits you.
* * * LOW HITPOINT WARNING * * *
Things that are here:
a +0 whip; a gnoll corpse The gnoll closely misses you.
The gnoll bouda barks out a call to the hunt!
The gnoll misses you.
Found a book of Blasting.
The centaur shoots an arrow.
The arrow hits you.
* * * LOW HITPOINT WARNING * * *
The centaur shoots an arrow.
The arrow hits you!
* * * LOW HITPOINT WARNING * * *
Your attacks no longer feel as feeble.
The gnoll hits you from afar with a +0 halberd.
You die...

#........ ..
.##....#...####.....
... #.#...#.......# ...
#.............# #.
..#####...........##
.:.
#.#.##..##g#.......#...
#..........#........#
...#...###)#.g.....#
..###.#.##.)cgg.@.#
#..#..#............#
#...........=.##.#..#
......###.......##....#
.##...+ #........# ...#
. #..## #.............#
. ##.# .....#....##
...# . ..# ....##....#
.... ...


You could see a centaur, a gnoll bouda and 2 gnolls.

Vanquished Creatures
  An ice beast (D:5)
  A phantom (D:5)
  Blork the orc (D:5)
  A necrophage (D:5)
  6 gnolls
  9 adders
  A white imp (D:5)
  2 dart slugs
  2 orcs
  5 endoplasms
  3 giant cockroaches
  2 jackals (D:1)
  2 quokkas
  6 ball pythons
  9 bats
  3 frilled lizards
  2 goblins
  7 kobolds
  6 rats
69 creatures vanquished.

Notes
Turn   | Place    | Note
-------+----------+-------------------------------------------
     0 | D:1      | p00ps00p the Hill Orc Fighter began the quest for the Orb.
     0 | D:1      | Reached XP level 1. HP: 19/19 MP: 1/1
    25 | D:1      | Reached XP level 2. HP: 26/27 MP: 2/2
  1074 | D:2      | Reached XP level 3. HP: 33/33 MP: 3/3
  1700 | D:3      | Reached XP level 4. HP: 27/41 MP: 4/4
  1786 | D:3      | Noticed oldriver's ghost (amateur HuHW)
  1787 | D:3      | Found a runed translucent door.
  2188 | D:3      | Reached skill level 5 in Fighting
  2250 | D:3      | Reached skill level 5 in Axes
  2250 | D:3      | Reached XP level 5. HP: 7/48 MP: 5/5
  2773 | D:4      | Identified the +0 leather armour of Oco Ikis {Fly rCorr
                  | Int-4 Dex+3}
  3110 | D:4      | Found a glowing golden altar of the Shining One.
  3282 | D:5      | Entered Level 5 of the Dungeon
  3282 | D:5      | Noticed Blork the orc
  3282 | D:5      | Noticed a phantom
  3368 | D:5      | Reached XP level 6. HP: 36/57 MP: 6/6
  3440 | D:5      | Killed Blork the orc
  3589 | D:5      | Noticed an ice beast
  3602 | D:5      | Killed an ice beast
  3603 | D:5      | Reached XP level 7. HP: 28/66 MP: 7/7
  3724 | D:5      | Found a staircase to the Ecumenical Temple.
  3779 | Temple   | Entered the Ecumenical Temple
  3963 | D:5      | HP: 1/66 [centaur/arrow (12)]
  3964 | D:5      | Slain by a gnoll

Illustrated notes

Levels and vault maps discovered:
D:1:      roderic_dead_forest, layout_loops_ring
D:2:      layout_loops_corners, roderic_roman_lattice, chequers_arboretum,
          kennysheep_generic_room_10
D:3:      layout_basic, hellmonk_ghost_happy_afterlife
D:4:      layout_basic, tso_altar
D:5:      layout_cave_pools, temple_statues, serial_shops, kennysheep_mini,
          uniq_blork_the_orc
Temple:   kb_temple_of_zot

Skill      XL: |  1  2  3  4  5  6 |
---------------+-------------------+-----
Axes           | 3 4 5 6 7 |  7.2
Fighting       | 4 5 6 7 |  7.1
Armour         | |  3.3
Shields        | |  3.3

Action                   |  1- 3 |  4- 6 |  7- 9 || total
-------------------------+-------+-------+-------++-------
Melee: War axe           |   115 |   129 |    13 ||   257
Evoke: Wand              |       |     1 |       ||     1
  Use: Potion            |       |     1 |       ||     1
Armor: Scale mail        |    68 |    54 |     4 ||   126
Dodge: Dodged            |    67 |    73 |    23 ||   163
Block: Buckler           |    43 |    30 |     5 ||    78

Table legend: (Time is in decaauts)
 A = Elapsed time spent in this place.
 B = Non-inter-level travel time spent in this place.
 C = Inter-level travel time spent in this place.
 D = Time resting spent in this place.
 E = Time spent auto-exploring this place.
 F = Levels seen in this place.
 G = Mean time per level.
                   A        B        C        D        E       F      G
               +--------+--------+--------+--------+--------+-----+--------+
         Total |   4043 |   3944 |     99 |    463 |   2636 |   6 |  673.8 |
       Dungeon |   3945 |   3855 |     90 |    463 |   2553 |   5 |  789.0 |
        Temple |     97 |     88 |      9 |      0 |     83 |   1 |   97.0 |
               +--------+--------+--------+--------+--------+-----+--------+

Top non-repeatable levels by time:
     D:3: 977 daAuts
     D:2: 943 daAuts
     D:1: 761 daAuts
     D:4: 719 daAuts
     D:5: 543 daAuts
  Temple: 97 daAuts
